[Event "45th FIDE Olympiad 2024"]
[Site "Budapest"]
[Date "2024.09.15"]
[Round "5.97"]
[White "Navara, David"]
[Black "Tissir, Mohamed"]
[Result "1-0"]
[ECO "B66"]
[WhiteElo "2681"]
[BlackElo "2355"]
[Annotator "TA"]
[PlyCount "75"]
[EventDate "2024.09.05"]
[EventType "team-tourn"]
[EventCountry "HUN"]
[SourceTitle "playchess.com"]
[Source "ChessBase"]
[SourceQuality "1"]
[WhiteTeam "Czech Republic"]
[BlackTeam "Morocco"]
[WhiteTeamCountry "CZE"]
[BlackTeamCountry "MAR"]
[TimeControl "40/5400+30:1800+30"]

1. e4 c5 2. Nf3 d6 3. d4 cxd4 4. Nxd4 Nf6 5. Nc3 Nc6 6. Bg5 e6 7. Qd2 a6 8. O-O-O Bd7 9. f3 h6 10. Be3 Qc7 11. Kb1 Be7 12. g4 b5 13. Nxc6 Bxc6 {White has an edge.} 14. Rg1 d5 {[#]} 15. e5 $1 Nd7 (15... Qxe5 $2 16. Bf4 $18) 16. f4 Nc5 17. Qf2 Bb7 18. a3 O-O-O {[#]} 19. Bxb5 $2 axb5 $19 20. Nxb5 {[#]} Ne4 $1 21. Qe1 Qc4 22. Qa5 Rd7 $4 (22... Kd7 $19 {avoids the disaster.} 23. Rd4 Qc6 24. Rxe4 Ra8 (24... dxe4 25. Rd1+ Ke8 26. Nc7+ $17)) 23. Rd4 $1 $18 {[%mdl 1024] White has strong compensation.} Qe2 24. Re1 Qg2 25. Bc1 $2 (25. Rd3 $1 $18 {is the precise move to win.}) 25... Bd8 $16 {[#]} (25... Qxg4 $2 26. Rexe4 Bc5 27. Qc3 $18 (27. h3 Qh4 $18)) 26. Qb4 $36 {[%cal Oe1e4][%mdl 2048] Black must now prevent Rexe4! Black is under strong pressure. Some like it hot} Be7 (26... Qxg4 27. Rexe4 Bc7 28. Na7+ Kb8 29. Qb5 $18 (29. Nc6+ Kc8 $18)) 27. Na7+ Kc7 (27... Kd8 $2 28. Nc6+ Ke8 (28... Bxc6 29. Qb8#) 29. Nxe7 $18) 28. Qa5+ Kb8 {[%cal Od7c7,Bc7b8,Bb8c8,Bc8d7,Bd7d8,Bd8e8][%mdl 32] [#] Hoping for ...Rc7!} 29. Rexe4 $1 Rc7 {[#]} 30. c4 dxe4 $2 (30... Bc5 $11 31. Nb5 Rc6 (31... Rcc8 $2 32. b4 $18) 32. cxd5 Bxd4 33. Rxd4 Qc2+ 34. Ka2 Ra6) 31. Nb5 Rc6 32. Qa7+ Kc8 {[#]} 33. Rd7 $3 {[%mdl 512] White mates.} Kxd7 (33... Qc2+ 34. Kxc2) 34. Qxb7+ Kd8 35. Qxc6 Qe2 36. Qc7+ Ke8 37. Qc8+ Bd8 38. Nd6+ {Weighted Error Value: White=0.25 (precise) /Black=0.39.  Loses game:     	White=1     	Black=1      Missed win:     	White=1     	Black=1      Mistake:       	White=1     	---        Inaccurate:     	---       	Black=2      OK:         	White=9     	Black=6      Best:        	White=3     	Black=4      Strong:       	White=1     	Black=1      Brilliant:      	White=1     	---} 1-0

[Event "45th FIDE Olympiad 2024"]
[Site "Budapest"]
[Date "2024.09.15"]
[Round "5.97"]
[White "Bhakta, Bahadur Monger"]
[Black "Enemchukwu, Chinedu Benjamin"]
[Result "0-1"]
[ECO "A40"]
[WhiteElo "1911"]
[BlackElo "2001"]
[PlyCount "82"]
[EventDate "2024.09.05"]
[EventType "team-tourn"]
[EventCountry "HUN"]
[WhiteTeam "Bhutan"]
[BlackTeam "Saint Vincent and the Grenadines"]
[WhiteTeamCountry "BTN"]
[TimeControl "40/5400+30:1800+30"]

1. d4 e5 2. dxe5 d6 3. Nf3 Nc6 4. Bg5 f6 5. exf6 Nxf6 6. e3 Be6 7. c3 Be7 8. Bb5 O-O 9. Nbd2 Qe8 10. Nd4 Bd7 11. Bc4+ Kh8 12. N2f3 Ne4 13. Bxe7 Qxe7 14. h3 Rae8 15. O-O Rf6 16. Bd3 d5 17. Qc2 Ref8 18. Bxe4 dxe4 19. Nd2 Re8 20. Ne2 Bf5 21. Ng3 Bg6 22. Rad1 h5 23. Nb3 h4 24. Ne2 Bf7 25. Nf4 Qe5 26. Rd7 Ne7 27. Rd4 Nf5 28. Rd7 Kg8 29. Nd4 g5 30. Nfe2 Nh6 31. f4 exf3 32. gxf3 c5 33. Rf2 cxd4 34. exd4 Qe6 35. Rxb7 Qxh3 36. Qd3 g4 37. Rg2 Qxf3 38. Qc2 h3 39. Ng3 hxg2 40. Qxg2 Qxg2+ 41. Kxg2 Bd5+ {0-} 0-1

[Event "45th FIDE Olympiad 2024"]
[Site "Budapest"]
[Date "2024.09.15"]
[Round "5.98"]
[White "Elbilia, Jacques"]
[Black "Nguyen, Thai Dai Van"]
[Result "0-1"]
[ECO "D35"]
[WhiteElo "2343"]
[BlackElo "2647"]
[Annotator "TA"]
[PlyCount "96"]
[EventDate "2024.09.05"]
[EventType "team-tourn"]
[EventCountry "HUN"]
[SourceTitle "playchess.com"]
[Source "ChessBase"]
[SourceQuality "1"]
[WhiteTeam "Morocco"]
[BlackTeam "Czech Republic"]
[WhiteTeamCountry "MAR"]
[BlackTeamCountry "CZE"]
[TimeControl "40/5400+30:1800+30"]

1. d4 Nf6 2. c4 e6 3. Nc3 d5 4. cxd5 exd5 5. Bg5 Be7 6. e3 h6 7. Bh4 Bg4 8. Qc2 O-O 9. h3 Be6 {The position is equal.} 10. Nf3 Ne8 11. Bg3 Bd6 12. Bxd6 Nxd6 13. Bd3 Nd7 14. Ne5 Rc8 15. O-O c5 16. Nxd7 Qxd7 17. dxc5 Rxc5 18. f4 {[#] aiming for f5.} Bf5 19. Rad1 Re8 20. Rfe1 Be4 21. Qa4 Qc6 22. Bxe4 Nxe4 23. Qxc6 bxc6 24. Nxe4 Rxe4 $11 {[%mdl 4096] Endgame. KRR-KRR} 25. Kf2 Rec4 26. Re2 Kf8 27. Rd4 Rxd4 28. exd4 {KR-KR} Rc1 29. Ke3 h5 30. Kd3 h4 31. Re5 (31. a3 $11) 31... Rd1+ $17 32. Kc3 Rc1+ (32... Rf1 $15) 33. Kd3 $1 Rf1 34. Rh5 (34. Re2 $142) 34... Kg8 (34... Rxf4 $17 {And now ...Kg8 would win.} 35. a3 g6) 35. Re5 (35. b4 $15) 35... Kf8 (35... Rxf4 $142 36. Re8+ Kh7) 36. Rh5 $1 Rxf4 37. Rh8+ Ke7 38. Ra8 $2 {[#] Loses the game.} (38. b4 $17 {might work better.}) 38... Rf2 $19 39. Rxa7+ Ke6 40. Rc7 (40. b4 $142) 40... Rxb2 41. Rxc6+ Kd7 42. Ra6 (42. Rc5 {is a better defense.} Kd6 (42... Rxg2 43. Rxd5+ Ke7 44. Re5+ Kd6 45. a4 $15) 43. a4 Rxg2 44. Kc3) 42... Rxg2 {Black is clearly winning.} 43. Ke3 g5 44. Rf6 Rg3+ 45. Ke2 Ke7 46. Rf5 f6 (46... Rxh3 47. Rxg5 Kd6 48. Rf5 $15) 47. Rxd5 Rxh3 48. Ra5 {Prevents Ra3} Rc3 {Weighted Error Value: White=0.36/Black=0.09 (flawless) .  Loses game:     	White=1     	---        Mistake:       	White=5     	Black=3      Inaccurate:     	White=2     	---        OK:         	White=13    	Black=6      Best:        	White=1     	Black=6      Strong:       	White=2     	---} 0-1

[Event "45th FIDE Olympiad 2024"]
[Site "Budapest"]
[Date "2024.09.15"]
[Round "5.98"]
[White "Cottle, Brian S"]
[Black "Mahendra, Gurung"]
[Result "1-0"]
[ECO "A23"]
[WhiteElo "1804"]
[BlackElo "1725"]
[PlyCount "109"]
[EventDate "2024.09.05"]
[EventType "team-tourn"]
[EventCountry "HUN"]
[WhiteTeam "Saint Vincent and the Grenadines"]
[BlackTeam "Bhutan"]
[BlackTeamCountry "BTN"]
[TimeControl "40/5400+30:1800+30"]

1. c4 e5 2. Nc3 Nf6 3. g3 c6 4. Bg2 Bc5 5. e3 O-O 6. Nge2 d5 7. cxd5 cxd5 8. d4 exd4 9. Nxd4 Nc6 10. Nb3 Bb4 11. O-O Be6 12. Nd4 a6 13. h3 Bc5 14. Nce2 Ne4 15. b3 h6 16. Bb2 Rc8 17. Rc1 Ba7 18. a3 Qd7 19. Nxe6 Qxe6 20. Nf4 Qf5 21. Qxd5 Qxd5 22. Nxd5 Nd2 23. Rfd1 Nxb3 24. Rxc6 bxc6 25. Ne7+ Kh7 26. Nxc8 Rxc8 27. Rd7 Bc5 28. Rxf7 Bf8 29. Bxc6 Rd8 30. Rd7 Rxd7 31. Bxd7 Kg6 32. Kg2 Nc5 33. Bc8 Nd3 34. Bd4 a5 35. a4 Ne1+ 36. Kf1 Nd3 37. Ke2 Nb4 38. Bb6 Nd5 39. Bxa5 Kf6 40. e4 Nb4 41. f4 Bc5 42. g4 g5 43. e5+ Ke7 44. f5 Nd5 45. Kf3 Nf4 46. Bc7 Nd5 47. f6+ Kf7 48. Ba5 Nf4 49. Bc3 Ne6 50. Bxe6+ Kxe6 51. Ke4 Ba7 52. Bd4 Bb8 53. a5 Kf7 54. a6 Kg6 55. a7 1-0

[Event "45th FIDE Olympiad 2024"]
[Site "Budapest"]
[Date "2024.09.15"]
[Round "5.99"]
[White "Krejci, Jan"]
[Black "Moayad, Anas"]
[Result "1-0"]
[ECO "A36"]
[WhiteElo "2556"]
[BlackElo "2016"]
[Annotator "TA"]
[PlyCount "51"]
[EventDate "2024.09.05"]
[EventType "team-tourn"]
[EventCountry "HUN"]
[SourceTitle "playchess.com"]
[Source "ChessBase"]
[SourceQuality "1"]
[WhiteTeam "Czech Republic"]
[BlackTeam "Morocco"]
[WhiteTeamCountry "CZE"]
[BlackTeamCountry "MAR"]
[TimeControl "40/5400+30:1800+30"]

1. c4 Nf6 2. Nc3 c5 3. g3 Nc6 4. Bg2 g6 5. e4 Bg7 6. Nge2 d6 7. d3 Rb8 8. h3 a6 9. a4 Nd4 {The position is equal.} 10. Nxd4 cxd4 11. Ne2 Nd7 12. O-O O-O 13. f4 b5 14. cxb5 axb5 15. a5 b4 16. e5 $1 {[#] Threatens to win with a6.} (16. a6 Ra8 17. a7 Qb6 $17) 16... dxe5 $2 {This move loses the game for Black.} (16... Bb7 $11 {and Black has nothing to worry.} 17. Nxd4 (17. Bxb7 Rxb7 18. Nxd4 Rc7 $11) 17... Qc8 (17... dxe5 18. Bxb7 Rxb7 19. Nc6 $11)) 17. a6 $18 Nb6 18. fxe5 Bxe5 19. Bh6 ({Don't play} 19. a7 Rb7 20. a8=Q (20. a8=R Nxa8 21. Rxa8 Rc7 $18) 20... Nxa8) 19... Re8 20. Nf4 {Against Nd5. aiming for a7.} e6 (20... Bd7 $142 21. a7 Rc8) 21. a7 Ra8 22. Bxa8 Nxa8 23. Qf3 Qe7 24. Qe4 ({Stronger than} 24. Qxa8 Bb7 $11) 24... Bh8 {[#]} (24... Bd6 25. Qc6 (25. Qxa8 Bb7 $11) 25... Bb7) 25. Qxa8 Bb7 26. Qb8 {Weighted Error Value: White=0.10 (very precise) /Black=0.50.  Loses game:     	---       	Black=1      Mistake:       	---       	Black=2      Inaccurate:     	White=1     	Black=1      OK:         	White=8     	Black=3      Best:        	White=2     	Black=2      Strong:       	White=1     	---} 1-0

[Event "45th FIDE Olympiad 2024"]
[Site "Budapest"]
[Date "2024.09.15"]
[Round "5.99"]
[White "Suk, Raj Monger"]
[Black "Schneider, James U"]
[Result "1-0"]
[ECO "C90"]
[WhiteElo "1821"]
[BlackElo "1486"]
[PlyCount "67"]
[EventDate "2024.09.05"]
[EventType "team-tourn"]
[EventCountry "HUN"]
[WhiteTeam "Bhutan"]
[BlackTeam "Saint Vincent and the Grenadines"]
[WhiteTeamCountry "BTN"]
[TimeControl "40/5400+30:1800+30"]

1. e4 e5 2. Nc3 Nf6 3. Nf3 Nc6 4. Bb5 d6 5. h3 Bd7 6. O-O a6 7. Ba4 b5 8. Bb3 Na5 9. d4 Nxb3 10. axb3 exd4 11. Nxd4 Be7 12. Re1 O-O 13. Qd3 Re8 14. Nf3 Bc6 15. Bg5 h6 16. Bh4 Nd7 17. Bxe7 Qxe7 18. Nd4 Bb7 19. Nd5 Bxd5 20. exd5 Qxe1+ 21. Rxe1 Rxe1+ 22. Kh2 Rae8 23. Nf5 Nb6 24. Qc3 f6 25. Ne3 R1xe3 26. fxe3 Nxd5 27. Qc6 Re5 28. e4 Ne3 29. b4 d5 30. exd5 Nxd5 31. c3 Ne7 32. Qxc7 Kf7 33. b3 f5 34. Qxe5 1-0

[Event "45th FIDE Olympiad 2024"]
[Site "Budapest"]
[Date "2024.09.15"]
[Round "5.100"]
[White "Nait, Elasri Brahim"]
[Black "Vykouk, Jan"]
[Result "0-1"]
[ECO "B51"]
[WhiteElo "1994"]
[BlackElo "2483"]
[Annotator "TA"]
[PlyCount "91"]
[EventDate "2024.09.05"]
[EventType "team-tourn"]
[EventCountry "HUN"]
[SourceTitle "playchess.com"]
[Source "ChessBase"]
[SourceQuality "1"]
[WhiteTeam "Morocco"]
[BlackTeam "Czech Republic"]
[WhiteTeamCountry "MAR"]
[BlackTeamCountry "CZE"]
[TimeControl "40/5400+30:1800+30"]

1. e4 c5 2. Nf3 d6 3. Bb5+ Nd7 4. O-O a6 5. Bxd7+ Bxd7 6. d4 cxd4 7. Qxd4 e5 8. Qd3 h6 9. b3 Nf6 10. c4 b5 11. Nfd2 {The position is equal.} Qb8 12. Nc3 Be7 13. Bb2 O-O 14. Nd5 ({White should play} 14. Kh1 $11) 14... Nxd5 $15 15. cxd5 Bg5 16. Nf3 Bd8 17. Nd2 Bg5 18. Nf3 $1 b4 {Threatens to win with ...Bb5.} 19. Rfe1 Bb5 20. Qd1 Bd8 21. Qc2 Qc8 22. Qxc8 Rxc8 23. Rac1 Bb6 24. g4 Bd7 25. h3 {[#]} h5 $1 26. Nh2 (26. Nd2 Bc5) 26... hxg4 27. hxg4 g6 {Black is more active.} (27... Bc5 $17 28. Kg2 f6) 28. g5 Rxc1 29. Rxc1 {[#] Loses the game.} ({White must play} 29. Bxc1 $15 Rc8 30. Nf1) 29... f5 $1 $19 30. gxf6 (30. Nf1 $17 {keeps fighting.}) 30... Rxf6 31. Rc2 Rf4 32. Kg2 Rxe4 33. f3 Re1 34. Nf1 $2 (34. Ng4 {is the only way for White.} Kf7 35. Kg3) 34... Bf5 35. Rd2 e4 {White must now prevent ...e3.} 36. Ng3 $2 (36. Bd4 e3 (36... Bxd4 $2 37. Rxd4 e3 38. Nxe3 $19) 37. Nxe3 Bxd4 38. Rxd4 (38. Nxf5 $2 Bc3 $19) 38... Rxe3 39. Rxb4) 36... Rg1+ 37. Kh2 exf3 38. Bd4 Bxd4 {Black mates.} 39. Rxd4 {KRB-KRN} Rg2+ 40. Kh1 Rxg3 {KRB-KR} 41. Rf4 Kg7 42. Kh2 Rg2+ 43. Kh1 Rxa2 44. Kg1 {[#]} f2+ $1 45. Rxf2 Rxf2 46. Kxf2 {Weighted Error Value: White=0.62/Black=0.12 (very precise) .  Mistake:       	White=5     	Black=1      Inaccurate:     	White=4     	Black=3      OK:         	White=7     	Black=9      Best:        	White=1     	Black=5      Strong:       	White=1     	Black=1} 0-1

[Event "45th FIDE Olympiad 2024"]
[Site "Budapest"]
[Date "2024.09.15"]
[Round "5.101"]
[White "Theodorou, Nikolas"]
[Black "Kulaots, Kaido"]
[Result "1-0"]
[ECO "B93"]
[WhiteElo "2619"]
[BlackElo "2506"]
[Annotator "TA"]
[PlyCount "57"]
[EventDate "2024.09.05"]
[EventType "team-tourn"]
[EventCountry "HUN"]
[SourceTitle "playchess.com"]
[Source "ChessBase"]
[SourceQuality "1"]
[WhiteTeam "Greece"]
[BlackTeam "Estonia"]
[WhiteTeamCountry "GRE"]
[BlackTeamCountry "EST"]
[TimeControl "40/5400+30:1800+30"]

1. e4 c5 2. Nf3 d6 3. d4 cxd4 4. Nxd4 Nf6 5. Nc3 a6 6. f4 e5 7. Nf3 Nbd7 8. a4 Qc7 9. g4 d5 10. g5 d4 {The position is equal.} (10... Nxe4 $6 11. Nxd5 Qa5+ 12. c3 $16) 11. gxf6 dxc3 12. fxg7 Bxg7 13. f5 b6 14. b3 Bb7 {[%cal Od7c5] ...Nc5! would now be deadly.} 15. Bc4 {[%cal Oc4f7] [#] Hoping for Bxf7+!} h6 (15... Bxe4 $2 16. Bxf7+ Ke7 17. Bd5 Bxd5 18. Qxd5 $18) 16. Ba3 {Against Nc5} (16. Qe2 $11) 16... Bf8 $1 $15 17. Bxf8 Rxf8 18. Qe2 Qc5 19. Rd1 Nf6 20. Rg1 {Prevents Rg8} Ke7 (20... Nxe4 $2 21. Rg4 Nd2 22. Nxd2 (22. Qxe5+ Qxe5+ 23. Nxe5 Nf3+ 24. Nxf3 Bxf3 $17) 22... cxd2+ 23. Qxd2 $18) (20... Bxe4 21. Rg7 $11) ({Better is} 20... Rd8 $1 $15 21. Rd3 Bxe4) 21. Rg7 $11 {[%cal Ob3b4] Threatens to win with b4!} b5 (21... Nxe4 $2 22. b4 Qxb4 23. Nxe5 $18) 22. axb5 $40 {[%mdl 128] White is up to no good.} (22. Bd5 $14 {is superior.} Nxd5 (22... Bxd5 23. exd5 e4 24. d6+ Kd7 25. Nd4 $18) 23. exd5) 22... axb5 23. Bd5 {Dancing on a razor blade.} Bxd5 (23... Rg8 $11 24. Rxf7+ (24. Bxb7 Rxg7 25. Bxa8 Rg1+ 26. Nxg1 Qxg1+ 27. Qf1 Qe3+ 28. Qe2 Qg1+ 29. Qf1 Qe3+ 30. Qe2 Qg1+ $11) 24... Ke8) 24. exd5 $14 e4 {[#]} (24... Rae8 $16) 25. b4 $2 Qxb4 (25... Qd6 $1 $11) 26. Nd4 {And now Nc6+ would win.} Qc4 (26... Nxd5 $2 27. Nc6+ (27. Qxb5 Qxb5 28. Nxb5 Ne3 $17) (27. Qxe4+ Kf6 $14) 27... Kf6 28. Qg4 $18 (28. Nxb4 Nxb4 29. Rg3 Rg8 $18) (28. Rxd5 Qb1+ 29. Rd1 Qxd1+ 30. Qxd1 Kxg7 $18) (28. Nxb4 Kxg7 29. Nxd5 Rfb8 $18) (28. Rxd5 Qb1+ 29. Rd1 Qxd1+ 30. Qxd1 Kxg7 $18)) (26... Qc5 $16) 27. Qe3 $18 Nxd5 (27... Qxd5 28. Nf3 Rfd8 (28... Qxf5 $2 {perishes.} 29. Nh4 $18) 29. Rxd5 Rxd5) 28. Qxh6 Nf6 {...Rad8 is the strong threat.} 29. Qf4 {Weighted Error Value: White=0.27 (precise) /Black=0.81.  Loses game:     	---       	Black=1      Missed win:     	White=1     	---        Mistake:       	White=2     	Black=5      Inaccurate:     	White=2     	Black=2      OK:         	White=7     	Black=4      Best:        	White=3     	---        Strong:       	---       	Black=1} 1-0

[Event "45th FIDE Olympiad 2024"]
[Site "Budapest"]
[Date "2024.09.15"]
[Round "5.102"]
[White "Volodin, Aleksandr"]
[Black "Kourkoulos-Arditis, Stamatis"]
[Result "0-1"]
[ECO "E67"]
[WhiteElo "2457"]
[BlackElo "2570"]
[Annotator "TA"]
[PlyCount "82"]
[EventDate "2024.09.05"]
[EventType "team-tourn"]
[EventCountry "HUN"]
[SourceTitle "playchess.com"]
[Source "ChessBase"]
[SourceQuality "1"]
[WhiteTeam "Estonia"]
[BlackTeam "Greece"]
[WhiteTeamCountry "EST"]
[BlackTeamCountry "GRE"]
[TimeControl "40/5400+30:1800+30"]

1. d4 Nf6 2. c4 g6 3. Nf3 Bg7 4. g3 O-O 5. Bg2 d6 6. O-O Nbd7 7. Qc2 e5 8. Nc3 exd4 9. Nxd4 Nb6 10. Rd1 Nxc4 11. Ncb5 a6 12. Qxc4 axb5 13. Nxb5 Ne8 14. Qb4 Bd7 15. Bf4 (15. Bxb7 $2 Rb8 16. Bf3 Rxb5 $19) 15... Bc6 {White is slightly better.} 16. a4 Nf6 17. Rac1 Ra6 18. e4 Nd7 19. b3 Re8 20. h4 h6 21. Rc2 Ne5 22. Nd4 Kh7 (22... h5 $14) 23. Qd2 (23. Nxc6 $16 Rxc6 24. Rxc6 bxc6 25. a5) 23... Bd7 $11 24. Rdc1 c6 25. Rd1 Bg4 26. f3 c5 (26... Bd7 $11) 27. Bxe5 $1 $14 Bxe5 28. Nb5 Be6 29. f4 Bg7 30. Qd3 (30. Nxd6 $2 Bd4+ 31. Kh2 Rxd6 $19) 30... d5 31. Kh2 (31. Rxc5 Qb6 32. Qc2 Bf8 $17) (31. exd5 Bf5 32. Qd2 Bxc2 33. Qxc2 Re3 $11) (31. e5 $1 $14) 31... Qe7 (31... Bg4 $2 32. Rxc5 (32. Rdd2 Bf8 $18) 32... Bxd1 33. Rxd5 $18) 32. f5 (32. exd5 {looks sharper.} Bf5 33. Qd2 Bxc2 34. Qxc2 Bd4 35. d6) 32... dxe4 33. Bxe4 Bxb3 34. fxg6+ fxg6 35. Bxg6+ $2 (35. Qxb3 $11 {and White is okay.} Qxe4 36. Nd6) 35... Rxg6 $19 36. h5 Bf7 (36... Bxc2 $19 37. hxg6+ Kh8 38. Qxc2 Qg5) 37. Rf2 {[%mdl 8192] [#] This costs White the game.} (37. Qf5 $17 {is tougher.} Qe3 38. hxg6+ Bxg6 39. Qf2 (39. Qxc5 $2 Qe4 $19)) 37... Qg5 $1 38. hxg6+ Bxg6 {A strong pair of Bishops.} 39. Qd5 (39. Qf1 $142 Qh5+ 40. Kg1) 39... Re5 40. Qd8 Qe3 41. Kg2 Be4+ {Weighted Error Value: White=0.68/Black=0.19 (very precise) .  Loses game:     	White=2     	---        Mistake:       	White=3     	Black=3      Inaccurate:     	White=2     	Black=1      OK:         	White=9     	Black=5      Best:        	White=2     	Black=2      Strong:       	White=1     	Black=1} 0-1

[Event "45th FIDE Olympiad 2024"]
[Site "Budapest"]
[Date "2024.09.15"]
[Round "5.103"]
[White "Papaioannou, Ioannis"]
[Black "Seeman, Tarvo"]
[Result "1-0"]
[ECO "B51"]
[WhiteElo "2615"]
[BlackElo "2375"]
[Annotator "TA"]
[PlyCount "91"]
[EventDate "2024.09.05"]
[EventType "team-tourn"]
[EventCountry "HUN"]
[SourceTitle "playchess.com"]
[Source "ChessBase"]
[SourceQuality "1"]
[WhiteTeam "Greece"]
[BlackTeam "Estonia"]
[WhiteTeamCountry "GRE"]
[BlackTeamCountry "EST"]
[TimeControl "40/5400+30:1800+30"]

1. e4 c5 2. Nf3 Nc6 3. Bb5 d6 4. O-O Bd7 5. Re1 a6 6. Bxc6 Bxc6 7. d4 cxd4 8. Nxd4 Rc8 {B51: Sicilian: Moscow Variation (3 Bb5+) without 3...Bd7.} 9. c4 Nf6 10. Nc3 g6 11. f3 Bg7 12. Be3 O-O 13. Rc1 e6 $146 ({Predecessor:} 13... Nd7 14. Qd2 Re8 15. b3 Qa5 16. Red1 Nc5 17. Rb1 Ne6 18. b4 Qh5 19. Nde2 b5 {½-½ Perez Ponsa,F (2532)-Timofeev,A (2567) Airthings Masters Play In rapid 2023 (7)}) 14. b3 b6 15. Qd2 Ba8 16. Red1 Qc7 17. Bh6 Bxh6 18. Qxh6 Rfd8 19. Kh1 Qc5 20. Na4 Qa5 21. Nc3 (21. h4 $14) 21... Qe5 22. Qd2 Rb8 23. a4 Rbc8 24. Re1 Kg7 25. Rcd1 h6 26. Ra1 Qg5 27. Qb2 Qe5 28. Rad1 h5 29. Qf2 h4 30. f4 (30. Qxh4 Rh8 31. f4 Rxh4 $15) (30. h3 $1 $16) 30... Qh5 $1 $11 31. Rd3 d5 (31... e5 $11 {keeps the balance.} 32. Nf3 exf4) 32. cxd5 $16 exd5 33. e5 Ne4 $1 34. Qb2 $36 {[%mdl 2048] White is really pushing.} Kg8 35. e6 (35. Nd1 $16) 35... f6 (35... Rf8 $11) 36. Kg1 {[%cal Of4f5] White is much more active.} Re8 {[#]} (36... f5 $1 $14) 37. f5 $1 gxf5 (37... Re7 38. fxg6) 38. Rf1 (38. Rf3 $18 {and White stays clearly on top.}) 38... f4 $2 {[#]} 39. Nce2 $1 $18 (39. Rxf4 $2 {too greedy.} Rxc3 40. Rdf3 Qe5 41. Rg4+ Kf8 42. Qa3+ Nc5 $19) 39... Rc7 40. Nxf4 Qe5 41. Qe2 Rg7 42. Qh5 {Dodges Nc5} Qxh5 43. Nxh5 {A dynamic duo of knights.} Rg6 44. Rh3 Bb7 45. Rxh4 Rc8 46. Rhf4 1-0

[Event "45th FIDE Olympiad 2024"]
[Site "Budapest"]
[Date "2024.09.15"]
[Round "5.104"]
[White "Kanep, Meelis"]
[Black "Mastrovasilis, Dimitrios"]
[Result "1/2-1/2"]
[ECO "D35"]
[WhiteElo "2367"]
[BlackElo "2550"]
[Annotator "TA"]
[PlyCount "81"]
[EventDate "2024.09.05"]
[EventType "team-tourn"]
[EventCountry "HUN"]
[SourceTitle "playchess.com"]
[Source "ChessBase"]
[SourceQuality "1"]
[WhiteTeam "Estonia"]
[BlackTeam "Greece"]
[WhiteTeamCountry "EST"]
[BlackTeamCountry "GRE"]
[TimeControl "40/5400+30:1800+30"]

1. d4 d5 2. c4 e6 3. Nc3 Nf6 4. cxd5 exd5 5. Bg5 Bb4 6. e3 h6 7. Bxf6 Qxf6 8. Qa4+ Nc6 9. Bb5 {White has an edge.} O-O 10. Nge2 a5 11. a3 Bxc3+ 12. bxc3 Ne7 13. Bd3 Nf5 14. O-O Nd6 15. Qc2 Bf5 16. Ng3 Bxd3 17. Qxd3 Rfe8 18. a4 Re7 19. Rfe1 Rae8 20. Nf1 Ne4 21. Ra2 b6 22. Ng3 Nd6 23. Rae2 Qg5 24. Nf1 Re6 25. Nd2 Qe7 26. c4 dxc4 27. Nxc4 Qd7 28. Nxd6 Rxd6 29. Qb3 Rd5 30. h3 {The position is equal.} Re6 31. Kh2 c5 32. dxc5 Rxc5 33. Rd1 Rd6 34. Ree1 Qc6 35. Kg1 Qd7 (35... Rg6 {feels hotter.} 36. g3 Rc2 37. Rd5 Rf6) 36. Rxd6 Qxd6 37. Rd1 Qc7 38. g3 g6 39. Rd4 h5 40. Qd3 Rc1+ 41. Kg2 {Weighted Error Value: White=0.09 (flawless) /Black=0.07 (flawless) .  Inaccurate:     	White=3     	Black=4      OK:         	White=12    	Black=12     Best:        	White=1     	Black=1} 1/2-1/2